Map: Dead of Night

Players

NamroodTuo

  • Race: Zerg Zerg

MaxAwaks

  • Race: Terran Terran

VOD

Have the link to the VOD?

Description

Time

  • Played on: April 18, 2023, 8:50 a.m.
  • Length: 25:25
Show
View Real Time Build Order
Export as new Build Order

NamroodTuo Zerg 

Build Orders:  

Get SALT Encoding   

  12  0:22  Infested Barracks  
  12  0:26  Infested SCV  
  13  0:33  Infested SCV  
  14  0:42  Infested SCV  
  15  1:10  Overlord  
  15  1:15  Infested Refinery  
  15  1:26  Infestation Level 1  
  15  1:37  Infested SCV  
  15  1:39  Infested SCV  
  17  1:46  Infested SCV  
  18  2:01  Infested SCV  
  18  2:02  Infested SCV  
  18  2:06  Overlord  
  20  2:13  Infested SCV  
  21  2:22  Infested Barracks Tech Lab  
  21  2:28  Infested SCV  
  22  2:43  Overlord  
  22  2:58  Infested SCV  
  23  3:14  Infested Engineering Bay  
  23  3:25  Anaerobic Enhancement  
  23  3:27  Infested SCV  
  24  3:32  Infested SCV  
  25  3:43  Infested Bunker  
  29  3:56  Infested SCV  
  30  4:03  Infested SCV  
  31  4:26  Infested Bunker  
  35  4:47  Retinal Augmentation  
  35  4:55  Infested SCV x3  
  38  5:06  Infestation Level 2  
  38  5:42  Overlord x2  
  38  5:43  Overlord  
  38  6:01  Infested Refinery  
  38  6:02  Infested SCV  
  39  6:20  Infested Bunker  
  39  6:23  Infested SCV  
  39  6:26  Infested SCV  
  45  6:48  Infested Bunker  
  49  7:00  Infested Factory  
  49  7:03  Stukov Infantry Weapons Level 1  
  49  7:09  Infested SCV  
  50  7:10  Infested SCV  
  51  7:37  Infested Missile Turret  
  51  7:39  Broodling Gestation  
  51  7:53  Infested SCV x3  
  54  8:02  Infested Refinery  
  54  8:06  Plagued Munitions  
  54  8:39  Infested Armory  
  58  9:13  Infested Bunker  
  58  9:36  Overseer x4  
  58  9:39  Overlord x2  
  58  9:40  Overlord x3  
  58  9:43  Stukov Infantry Armor Level 1  
  58  9:46  Infested Missile Turret  
  62  10:01  Infested Marine  
  62  10:06  Overlord  
  62  10:08  Aggressive Incubation  
  63  10:13  Infested Bunker  
  63  10:50  Overseer x2  
  63  10:51  Overseer  
  63  11:13  Infested Bunker  
  66  11:32  Infested SCV x2  
  66  11:33  Infested SCV  
  66  11:34  Overlord x2  
  69  11:50  Infested Bunker  
  69  11:59  Infested Missile Turret  
  73  12:23  Stukov Infantry Weapons Level 2  
  73  12:28  Infested Bunker  
  77  12:41  Infested Missile Turret  
  77  13:15  Infested Missile Turret  
  77  13:18  Infested Bunker  
  81  13:47  Infested Bunker  
  85  14:07  Infested Missile Turret  
  85  14:08  Infested Factory Tech Lab  
  89  14:40  Infested Bunker  
  93  14:53  Infested Bunker  
  93  15:08  Infested Marine  
  93  15:09  Infested Marine x15  
  109  15:33  Stukov Infantry Armor Level 2  
  109  15:46  Infested Missile Turret  
  109  15:50  Infested Marine  
  109  15:51  Infested Marine x11  
  109  15:56  Infestation Level 3  
  113  16:15  Infested Bunker  
  117  16:32  Infested Marine  
  117  16:33  Infested Marine  
  115  17:03  Infested Marine  
  115  17:04  Infested Marine x11  
  115  17:05  Infested Marine  
  122  17:20  Infested Marine x2  
  122  17:21  Infested Marine  
  123  17:36  Infested Siege Tank  
  124  17:41  Infested Barracks, Overlord x4  
  113  18:43  Regenerative Plating  
  117  18:50  Infested Bunker  
  117  18:54  Infested Bunker  
  104  19:39  Infested Missile Turret  
  104  19:43  Calcified Armor, Infested Missile Turret  
  100  20:08  Infested Siege Tank x4  
  100  20:09  Infested Siege Tank  
  114  20:43  Stukov Infantry Weapons Level 3  
  114  20:45  Infested Bunker  
  117  21:32  Infested Missile Turret  
  110  21:59  Infested Bunker  
  114  22:23  Infested Bunker  
  118  22:42  Infested Siege Tank x2  
  118  22:43  Infested Siege Tank x3  
  118  22:46  Overlord  
  133  23:09  Infested Siege Tank  
  136  23:13  Overlord  
  136  23:50  Unknown  
  136  23:52  Infested Marine  
  136  23:53  Infested Marine x20  
  136  23:54  Infested Marine x2  
  159  24:34  Overlord x5  
Show
View Real Time Build Order
Export as new Build Order

MaxAwaks Terran 

Build Orders:  

Get SALT Encoding   

  12  0:04  SCV  
  13  0:21  SCV  
  14  0:38  SCV  
  15  0:49  Refinery  
  15  0:55  SCV  
  15  0:57  Refinery  
  16  1:12  SCV  
  16  1:15  Refinery  
  17  1:29  SCV  
  18  1:46  SCV  
  19  1:52  Gunslingers Hideout  
  19  2:03  SCV  
  20  2:19  Engineering Bay  
  20  2:20  SCV  
  21  2:37  SCV  
  22  2:54  SCV  
  23  3:01  Tychus  
  23  3:03  James Sirius Sykes  
  33  3:11  SCV  
  33  3:18  Engineering Bay  
  34  3:21  Engineering Bay  
  34  3:28  SCV  
  35  3:40  Outlaw Weapons Level 1  
  35  3:44  SCV  
  36  4:01  SCV  
  37  4:17  Outlaw Life and Armor Level 1  
  37  4:18  SCV  
  38  4:21  ITC-E Triggers  
  38  4:35  SCV  
  38  4:37  Muscle Armory  
  39  4:52  SCV  
  40  5:09  SCV  
  41  5:10  Medivac Platform  
  41  5:26  SCV  
  42  5:43  SCV  
  43  6:16  Outlaw Weapons Level 2  
  43  6:19  Outlaw Life and Armor Level 2  
  43  6:21  Endurance Supplements  
  43  6:47  SCV  
  44  7:04  SCV  
  45  7:21  SCV  
  45  7:29  Kev Rattlesnake West  
  56  7:38  SCV  
  57  7:51  Big Red Button  
  57  8:48  Outlaw Weapons Level 3  
  57  9:03  Outlaw Life and Armor Level 3  
  57  9:20  Umojan Signal Modulator  
  57  9:40  Flashforce GDM Visor  
  57  12:47  Outlaw Weapons Level 4  
  57  12:48  Outlaw Life and Armor Level 4  
  57  12:54  Kel-Morian Ripper Rounds  
  57  12:55  Vanadium Shell  
  57  12:56  KD9a Implosion Core  
  57  14:23  Medivac Platform  
  57  15:00  SureShot Networked Helmet  
  57  15:02  SA-55 Thunderbolt Missiles  
  57  16:33  Outlaw Weapons Level 5  
  57  18:33  Outlaw Life and Armor Level 5  
  57  19:44  Moebius M34 Terror Rounds  
  57  19:45  D99 Detonator  
  57  20:53  Umojan Turret Frame  
  57  20:59  Moebius Aggression Blend  
  57  21:00  Secret Stash Stimpack  
  57  22:39  SCV  
  58  23:11  Crooked Sam  
  58  23:14  Fixers Safehouse  
  68  24:12  Nux  
  78  24:58  T4 Cloudburst Shells, Ultrasonic Boosters  
  78  24:59  Crystalline Amplifiers  
  78  25:00  N3 Networking  
Tags
 
Commander
StukovTychus
Matchup
Co-op
Replay Pack
Multiplayer
Add a new tag
Caveats
  • Supply blocks, unpowered buildings, or Contaminate may cause inaccurate times.
  • Supply counts are checked every 10 seconds.